 Dungeon Crawl Stone Soup version 0.23-a0-80-gc95c2c7 (webtiles) character file.

7 Amnesiac the Magician (level 1, -1/13 HPs)
             Began as a Mummy Air Elementalist on Aug 12, 2018.
             Slain by a jackal (2 damage)
             ... on level 1 of the Dungeon.
             The game lasted 00:00:46 (139 turns).

Amnesiac the Magician (Mummy Air Elementalist)       Turns: 139, Time: 00:00:46

Health: -1/13      AC:  2    Str: 11    XL:     1   Next: 83%
Magic:  1/4        EV: 12    Int: 14    God:
Gold:   0          SH:  0    Dex: 12    Spells: 4/5 levels left

rFire    x . .     SeeInvis .   (no weapon)
rCold    + . .     Gourm    .   (no shield)
rNeg     + + +     Faith    .   a - +0 robe
rPois    ∞         Spirit   .   (no helmet)
rElec    .         Reflect  .   (no cloak)
rCorr    .         Harm     .   (no gloves)
MR       .....                  (no boots)
Stlth    ++........             (no amulet)
HPRegen  0.04/turn              (no ring)
MPRegen  0.09/turn              (no ring)

@: no status effects
A: no food or potions, fire vulnerability, cold resistance 1, negative energy
resistance 3, torment resistance, unbreathing
a: no special abilities


You were on level 1 of the Dungeon.
You were not hungry.

You visited 1 branch of the dungeon, and saw 1 of its levels.

Inventory:

Armour
 a - a +0 robe (worn)


   Skills:
 - Level 1.5 Dodging
 - Level 1.5 Stealth
 + Level 2.8 Spellcasting
 - Level 0.7 Conjurations
 * Level 2.8 Air Magic


You had 4 spell levels left.
You knew the following spells:

 Your Spells              Type           Power        Failure   Level  Hunger
a - Shock                 Conj/Air       #...         11%         1    N/A

Your spell library contained the following spells:

 Spells                   Type           Power        Failure   Level  Hunger
 Lightning Bolt           Conj/Air       #.........   96%         5    N/A
 Swiftness                Chrm/Air       #.......     19%         2    N/A
 Airstrike                Air            #.........   56%         4    N/A
 Static Discharge         Conj/Air       #.......     32%         3    N/A

Dungeon Overview and Level Annotations

Branches:
Dungeon (1/15)

Altars:


Innate Abilities, Weirdness & Mutations

You do not eat or drink.
Your flesh is vulnerable to fire.
You are immune to poison.
Your flesh is cold resistant. (rC+)
You are immune to negative energy. (rN+++)
You are immune to unholy pain and torment.
You can survive without breathing.


Message History

HP restored.
A jackal comes into view.
A jackal is nearby!
A jackal is nearby!
The jackal barks!
You hear a bark! x2
Casting: Shock (safe; 11% risk of failure)
Confirm with . or Enter, or press ? or * to list all spells.
Aiming: Shock (safe; 11% risk of failure)
Press: ? - help, Shift-Dir - straight line The zap hits the jackal.
The jackal is heavily wounded.
The zap hits the jackal.
The jackal appears unharmed.
The jackal is heavily wounded.
The jackal barely misses you.
Unknown command.
Casting: Shock (safe; 11% risk of failure)
Confirm with . or Enter, or press ? or * to list all spells.
Aiming: Shock (safe; 11% risk of failure)
Press: ? - help, Shift-Dir - straight line The zap misses the jackal.
The zap hits the jackal.
The jackal is almost dead.
The jackal misses you.
A jackal comes into view.
Unknown command.
Casting: Shock (safe; 11% risk of failure)
Confirm with . or Enter, or press ? or * to list all spells.
Aiming: Shock (safe; 11% risk of failure)
Press: ? - help, Shift-Dir - straight line The zap misses the jackal.
The zap hits the jackal.
You kill the jackal!
The jackal barks!
Unknown command.
Casting: Shock (safe; 11% risk of failure)
Confirm with . or Enter, or press ? or * to list all spells.
Aiming: Shock (safe; 11% risk of failure)
Press: ? - help, Shift-Dir - straight line The zap hits the jackal.
The jackal is severely wounded.
The zap misses the jackal.
The jackal misses you.
Unknown command.
Casting: Shock (safe; 11% risk of failure)
Confirm with . or Enter, or press ? or * to list all spells.
You don't have enough magic to cast that spell.
Unknown command.
You hit the jackal.
The jackal is almost dead.
A jackal comes into view.
The jackal bites you.
You hit the jackal.
You kill the jackal!
A jackal comes into view.
You closely miss the jackal. The jackal bites you.
The jackal barks!
You hit the jackal but do no damage. The jackal bites you.
* * * LOW HITPOINT WARNING * * *
The jackal bites you.
* * * LOW HITPOINT WARNING * * *
You barely miss the jackal.
The jackal bites you but does no damage.
You barely miss the jackal. The jackal bites you.
* * * LOW HITPOINT WARNING * * *
You hit the jackal but do no damage. The jackal barely misses you. x2
You closely miss the jackal. The jackal bites you.
You die...

........#######.
........# #.
##..##### #. #..#
#. #b.# #.## #..#
#..#
#..###########♣.♣
##..†............#
##.############♣@♣
.#.# #h# .#.# ♣h♣
.#.# ... ##.# ###
...# ...# ...#
...#


You could see 2 jackals.

Vanquished Creatures
  A bat (D:1)
  A goblin (D:1)
  A hobgoblin (D:1)
  2 jackals (D:1)
5 creatures vanquished.

Notes
Turn   | Place    | Note
-------+----------+-------------------------------------------
     0 | D:1      | Amnesiac the Mummy Air Elementalist began the quest for the Orb.
     0 | D:1      | Reached XP level 1. HP: 13/13 MP: 4/4
   139 | D:1      | Slain by a jackal

Vault maps used:
D:1:      minmay_arrival_glassed_features, serial_forest,
          infiniplex_forest_lined_room_2, infiniplex_forest_lined_1,
          infiniplex_forest_lined_2, infiniplex_forest_straight_2,
          infiniplex_forest_lined_corner, infiniplex_forest_clump_small,
          infiniplex_forest_zigzag_1, infiniplex_forest_clump_long,
          infiniplex_forest_3_way, moated_statue, cheibriados_altar_1

Action                   || total
-------------------------++-------
Melee: Unarmed           ||    12
 Cast: Shock             ||    12
Armor: Robe              ||     8
Dodge: Dodged            ||    11

Table legend:
 A = Non-vault XP
 B = Vault XP
 C = Vault XP percentage of total XP
 D = Non-vault monster count
 E = Vault monster count
 F = Vault count percentage of total count
 G = Total turns spent on level
                 A         B        C        D         E       F
            +---------+---------+-------+---------+---------+-------
      Total |      10 |       0 |   0.0 |       5 |       0 |   0.0
            +---------+---------+-------+---------+---------+-------
        D:1 |      10 |       0 |   0.0 |       5 |       0 |   0.0
            +---------+---------+-------+---------+---------+-------
